 Dungeon Crawl Stone Soup version 0.22.0-16-gc6d26f69f9 (webtiles) character file.

5700 Tenshin the Spear-Bearer (level 10, -1/82 HPs)
             Began as a Merfolk Skald on Aug 17, 2018.
             Was an Elder of Qazlal.
             Killed from afar by a rime drake (27 damage)
             ... with a flash freeze
             ... on level 1 of the Lair of Beasts.
             The game lasted 00:27:05 (9738 turns).

Tenshin the Spear-Bearer (Merfolk Skald)            Turns: 9738, Time: 00:27:06

Health: -1/82      AC: 12    Str: 16    XL:     10   Next: 76%
Magic:  17/17      EV: 17    Int: 10    God:    Qazlal [****..]
Gold:   485        SH: 10    Dex: 13    Spells: 5/13 levels left

rFire    + + +     SeeInvis .   b - +10 whip "Dobbamne" {chaos, rPois rF+++ MR+ Int-4}
rCold    . . .     Gourm    .   P - +0 buckler
rNeg     . . .     Faith    .   G - +1 scale mail {rPois}
rPois    +         Spirit   .   H - +0 Maxwell's etheric cage {RegenMP+ *Contam rElec MP+4}
rElec    +         Reflect  .   U - +2 cloak {+Inv}
rCorr    .         Harm     .   (no gloves)
MR       +....                  (no boots)
Stlth    ..........             g - amulet of regeneration
HPRegen  0.63/turn              I - +2 ring of intelligence MPRegen 0.65/turn*
                                e - +3 ring of evasion

@: repel missiles
A: change form in water, swift swim, stealthy swim
a: Upheaval, Elemental Force, Renounce Religion, Evoke Invisibility


You were on level 1 of the Lair of Beasts.
You worshipped Qazlal.
Qazlal was greatly pleased with you.
You were hungry.

You visited 2 branches of the dungeon, and saw 11 of its levels.
You also visited: Ossuary.

You collected 485 gold pieces.


   Skills:
 + Level 8.6 Fighting
 - Level 12.0 Polearms
 - Level 5.0 Armour
 + Level 9.7 Dodging
 - Level 5.0 Shields
 - Level 2.0 Spellcasting
 - Level 3.2 Charms


You had 5 spell levels left.
You knew the following spells:

 Your Spells              Type           Power        Failure   Level  Hunger
a - Infusion              Chrm           #...         26%         1    ##.....
w - Shroud of Golubria    Chrm/Tloc      #.........   63%         2    ###....
y - Song of Slaying       Chrm           #.......     38%         2    ###....
z - Spectral Weapon       Hex/Chrm       #.......     85%         3    ####...

Your spell library contained the following spells:

 Spells                   Type           Power        Failure   Level  Hunger
 Cause Fear               Hex            #.........   100%        4    #####..
 Magic Dart               Conj           #...         71%         1    ##.....
 Fireball                 Conj/Fire      #.........   100%        5    ######.
 Conjure Flame            Conj/Fire      #.......     97%         3    ####...
 Slow                     Hex            #.......     83%         2    ###....
 Confuse                  Hex            #.......     97%         3    ####...
 Throw Flame              Conj/Fire      #.....       83%         2    ###....
 Iskenderun's Mystic Bla  Conj           #.......     100%        4    #####..
 Sticky Flame             Conj/Fire      #.......     100%        4    #####..
 Regeneration             Chrm/Necr      #.........   85%         3    ####...
 Confusing Touch          Hex            #.....       71%         1    ##.....
 Flame Tongue             Conj/Fire      #....        71%         1    ##.....
 Metabolic Englaciation   Hex/Ice        #.........   100%        5    ######.
 Corona                   Hex            #......      71%         1    ##.....
 Portal Projectile        Hex/Tloc       #.....       97%         3    ####...
 Petrify                  Tmut/Erth      #.......     100%        4    #####..
 Leda's Liquefaction      Hex/Erth       #.........   100%        4    #####..
 Inner Flame              Hex/Fire       #.......     97%         3    ####...
 Fulminant Prism          Conj/Hex       #.........   100%        4    #####..
 Dazzling Spray           Conj/Hex       #.....       97%         3    ####...
 Force Lance              Conj/Tloc      #.......     100%        4    #####..
 Searing Ray              Conj           #.....       83%         2    ###....
 Gell's Gravitas          Tloc           #.........   97%         3    ####...
 Yara's Violent Unravell  Hex/Tmut       #.........   100%        5    ######.

Inventory:

Hand Weapons
 a - a +1 spear
 b - the +10 whip "Dobbamne" (weapon) {chaos, rPois rF+++ MR+ Int-4}
   (You found it on level 5 of the Dungeon)

   Each time it hits an enemy it has a different, random effect.
   It affects your intelligence (-4).
   It renders you almost immune to fire.
   It protects you from poison.
   It affects your resistance to hostile enchantments.
Missiles
 W - a tomahawk of returning (quivered)
Armour
 G - a +1 scale mail of poison resistance (worn)
   (You found it on level 6 of the Dungeon)
 H - the +0 Maxwell's etheric cage (worn) {RegenMP+ *Contam rElec MP+4}
   (You found it on level 6 of the Dungeon)

   It insulates you from electricity.
   It affects your magic capacity (+4).
   It causes magical contamination when unequipped.
 P - a +0 buckler (worn)
   (You took it off a hobgoblin on level 3 of the Dungeon)
 U - a +2 cloak of invisibility (worn)
   (You took it off Crazy Yiuf on level 3 of the Dungeon)
Jewellery
 e - a +3 ring of evasion (right hand)
   (You took it off an orc on level 2 of the Dungeon)
 g - an amulet of regeneration (around neck)
   (You found it on level 1 of the Dungeon)
 I - a +2 ring of intelligence (left hand)
   (You found it on level 2 of the Dungeon)
Wands
 F - a wand of paralysis (10) {@v7}
   (You found it on level 9 of the Dungeon)
 J - a wand of iceblast (21) {@v4}
   (You found it on level 6 of the Dungeon)
 K - a wand of flame (48) {@v1}
   (You found it on level 9 of the Dungeon)
Scrolls
 n - a scroll of enchant armour
 o - 7 scrolls of teleportation {@r4}
 N - 3 scrolls of enchant weapon
 Q - 2 scrolls of blinking {@r6}
 R - 2 scrolls of remove curse {@r2}
 Y - a scroll of immolation {!r@r9}
 Z - 3 scrolls of acquirement {unknown}
Potions
 j - 4 potions of lignification {!q}
 m - 4 potions of heal wounds {@q2}
 t - 4 potions of flight
 L - 4 potions of agility {@q5}
 M - 2 potions of haste {@q3}
 O - 3 potions of curing {@q1}
 S - a potion of resistance
 T - 2 potions of brilliance {@q6}
 X - a potion of might {@q4}
Miscellaneous
 i - a phantom mirror
 x - a lamp of fire
   (You found it on level 9 of the Dungeon)
Comestibles
 d - 19 rations {@e1}
 V - a chunk of flesh

Dungeon Overview and Level Annotations

Branches:
Dungeon (10/15)            Temple (0/1) D:4            Lair (1/6) D:10
    Orc: D:9-12

Altars:
Cheibriados
Elyvilon
Fedhas
Okawaru
Qazlal
Ru
Trog
Uskayaw
Vehumet
Xom
Zin
The Shining One

Shops:
D:9 (

Annotations:
D:10 3 runed doors, temitten's ghost, journeyman HOFi

.....≈.§§≈≈≈≈.........
.......÷§§§§..........
.#.###.†§§§...........
.......§§.§tkS........
.........(....%D%.....
.........§.....P%.....
#..##.....(§...%%.....
.## ##.....(........#.
#.....@P..P...##
...............#
......§........#
P......##......#
....... #......#
....... ###.####
....... .# ....... .


You could see a five-headed hydra, a rime drake, a water moccasin and a
crocodile.


Message History

The crocodile is severely wounded.
The hippogriff is engulfed in freezing vapours.
The hippogriff closely misses you. You block the hippogriff's attack. x2
The crocodile completely misses you.
The hippogriff is engulfed in freezing vapours.
You kill the hippogriff!
Qazlal accepts your kill.
Your scale mail prevents you from hitting the crocodile.
The crocodile is severely wounded.
You block the crocodile's attack.
You barely miss the crocodile.
The crocodile is almost dead.
The crocodile completely misses you.
A crocodile comes into view.
You whack the crocodile!
The crocodile seems to slow down.
You freeze the crocodile.
You kill the crocodile!
Qazlal accepts your kill.
You hear an angry hiss.
You hear an angry hiss. x2; You hear a roar!
You hear a croak.
You see here a porcupine corpse.
You butcher the porcupine corpse.
A water moccasin comes into view.
Things that are here:
a chunk of flesh; a porcupine skeleton
V - 3 chunks of flesh (gained 1) Some of the chunks of flesh in your inventory have rotted away.
Okay, then.
Unknown command.
The crocodile barely misses you.
You hit the crocodile.
You feel better.
The crocodile is lightly wounded.
The crocodile misses you.
You barely miss the crocodile.
The crocodile is lightly wounded.
The crocodile bites you!
* * * LOW HITPOINT WARNING * * *
You block the water moccasin's attack. The crocodile misses you.
You hear an angry hiss.
You see here a tomahawk of returning.
You whack the water moccasin! You drain the water moccasin!
The water moccasin is heavily wounded.
You hear a roar!
You block the water moccasin's attack.
The water moccasin bites you but does no damage.
The crocodile misses you.
You hit the water moccasin.
The water moccasin seems to slow down.
You freeze the water moccasin.
The water moccasin is severely wounded.
A rime drake comes into view.
The water moccasin closely misses you. The crocodile closely misses you.
You whack the water moccasin! You freeze the water moccasin.
You kill the water moccasin!
Qazlal accepts your kill.
A water moccasin comes into view.
The crocodile misses you.
Unknown command.
A five-headed hydra comes into view.
The rime drake breathes ice at you. You block the flash freeze.
You hit the crocodile.
The crocodile is lightly wounded.
The crocodile bites you!
* * * LOW HITPOINT WARNING * * *
As you read the scroll of fog {@r7}, it crumbles to dust.
The scroll dissolves into smoke.
The crocodile bites you!
* * * LOW HITPOINT WARNING * * *
Okay, then.
As you read the scroll of teleportation {@r4}, it crumbles to dust.
You feel strangely unstable. The crocodile barely misses you.
Unknown command.
The rime drake breathes ice at you. The flash freeze hits you!
* * * LOW HITPOINT WARNING * * *
You are encased in ice.
Unknown command.
The five-headed hydra is engulfed in freezing vapours.
The rime drake is engulfed in freezing vapours.
You block the water moccasin's attack. You block the crocodile's attack.
Your surroundings suddenly seem different.
You hear a croak.
You hear a roar!
A spiny frog comes into view.
The ice encasing you melts away.
The spiny frog croaks.
A crocodile comes into view.
You whack the spiny frog!
The spiny frog changes into a human!
The human is moderately wounded.
You block the human's attack.
A five-headed hydra comes into view.
The five-headed hydra roars!
You feel much better. The human barely misses you.
As you read the scroll of teleportation {@r4}, it crumbles to dust.
You feel strangely unstable. The human hits you.
* * * LOW HITPOINT WARNING * * *
Your surroundings suddenly seem different.
The water moccasin hisses angrily.
The rime drake hisses angrily.
The rime drake breathes ice at you. The flash freeze hits you!
You die...

Skill      XL: |  1  2  3  4  5  6  7  8  9 10 |
---------------+-------------------------------+-----
Dodging        | 3 4 5 6 9 |  9.7
Armour         | 1 2 3 5 |  5.0
Polearms       | 4 5 6 7 9 12 | 12.0
Fighting       | 3 4 5 6 8 |  8.6
Shields        | 1 2 3 5 |  5.0
Spellcasting   | |  2.0
Charms         | |  3.2

Action                   |  1- 3 |  4- 6 |  7- 9 | 10-12 || total
-------------------------+-------+-------+-------+-------++-------
Melee: Spear             |   143 |   365 |   323 |       ||   831
       Whip              |       |       |   198 |   179 ||   377
Throw: Tomahawk          |     4 |     8 |     6 |     4 ||    22
 Cast: Infusion          |     1 |     5 |     1 |       ||     7
       Song of Slaying   |       |       |     1 |       ||     1
  Use: Scroll            |       |     5 |    12 |     9 ||    26
       Potion            |       |       |       |     1 ||     1
 Stab: Sleeping          |     1 |       |       |       ||     1
       Paralysed         |       |       |       |    10 ||    10
       Petrified         |       |       |       |     2 ||     2
       Confused          |       |       |       |     1 ||     1
  Eat: Chunk             |     2 |     6 |     9 |     6 ||    23
       Ration            |       |     1 |     2 |       ||     3
Armor: Leather armour    |    31 |     8 |       |       ||    39
       Ring mail         |       |    24 |    68 |       ||    92
       Scale mail        |       |     1 |    42 |    37 ||    80
Dodge: Dodged            |    70 |   146 |   223 |    97 ||   536
       Deflected         |       |       |       |     2 ||     2
Block: Buckler           |       |    27 |   145 |    87 ||   259

Vault maps used:
D:1:      minmay_arrival_doors
D:2:      nicolae_overflow_hidden_temple, lemuel_crystal_altar
D:3:      uniq_crazy_yiuf_cottage, uniq_terence
D:4:      minmay_temple_entry_statues_pillars, first_ration
D:5:      lemuel_crystal_altar, marbit_many_paths,
          hangedman_abyss_or_decor_stabs, minmay_misc_feat_iff,
          minmay_misc_feat_doors, uniq_prince_ribbit1, uniq_grinder,
          uniq_blork_the_orc
D:6:      tso_metal_star, xom_confusion_cloud, nicolae_ru_path_of_blood,
          okawaru_ov_weapons_minmay
D:7:      eat_drink_and_be_merry_uskayaw, slow_altar_2,
          minmay_misc_feat_hallway, trog_three_pillars_becter, uniq_joseph
D:8:      fiery_altar_vehumet, old_standard_altar, enter_ossuary_1, basic_altar,
          uniq_psyche
D:9:      lemuel_crystal_altar, serial_shops, nicolae_shop_overgrown_old_shop
D:10:     dpeg_lair_monsters, gammafunk_ghost_nasty_kobolds,
          hangedman_abyss_or_decor_passed
Lair:1:   basic_altar, grunt_megastairs_5, lemuel_fruit_fields,
          lemuel_fruit_fields, infiniplex_staircase_pool, lemuel_fruit_tree
Ossuary:  ossuary_due_pyramid

Notes
Turn   | Place    | Note
-------+----------+-------------------------------------------
     0 | D:1      | Tenshin the Merfolk Skald began the quest for the Orb.
     0 | D:1      | Reached XP level 1. HP: 16/16 MP: 3/3
    77 | D:1      | Reached XP level 2. HP: 23/23 MP: 5/5
   160 | D:1      | Reached skill level 3 in Dodging
   433 | D:1      | Reached skill level 1 in Armour
   662 | D:1      | Reached skill level 4 in Polearms
   662 | D:1      | Reached XP level 3. HP: 26/28 MP: 6/6
   958 | D:2      | Learned a level 3 spell: Spectral Weapon
   961 | D:2      | Learned a level 2 spell: Shroud of Golubria
  1250 | D:2      | Found a stormy altar of Qazlal.
  1267 | D:2      | Became a worshipper of Qazlal Stormbringer
  1410 | D:2      | Reached skill level 3 in Fighting
  1410 | D:2      | Reached XP level 4. HP: 28/35 MP: 7/7
  1606 | D:2      | Reached skill level 4 in Dodging
  1675 | D:2      | Found a glowing silver altar of Zin.
  1698 | D:2      | Reached skill level 5 in Polearms
  2124 | D:2      | Reached XP level 5. HP: 40/41 MP: 8/8
  2672 | D:3      | Reached * piety under Qazlal
  2853 | D:3      | Noticed Terence
  2908 | D:3      | Killed Terence
  2977 | D:3      | Found a runed door.
  3311 | D:3      | Noticed Crazy Yiuf
  3332 | D:3      | HP: 10/42 [Crazy Yiuf/quarterstaff of chaos (8)]
  3337 | D:3      | HP: 7/42 [poisoned by Crazy Yiuf]
  3342 | D:3      | HP: 8/42 [poisoned by Crazy Yiuf]
  3349 | D:3      | HP: 10/42 [poisoned by Crazy Yiuf]
  3696 | D:3      | HP: 10/42 [Crazy Yiuf/quarterstaff of chaos (10)]
  3750 | D:3      | HP: 6/42 [Crazy Yiuf/quarterstaff of chaos (11)]
  3755 | D:3      | HP: 5/42 [Crazy Yiuf/quarterstaff of chaos (4)]
  3861 | D:3      | Killed Crazy Yiuf
  3861 | D:3      | Reached skill level 1 in Shields
  4022 | D:4      | Found a staircase to the Ecumenical Temple.
  4044 | D:4      | Reached XP level 6. HP: 48/48 MP: 9/9
  4044 | D:4      | Noticed a phantom
  4118 | D:3      | Reached skill level 4 in Fighting
  4140 | D:3      | Reached skill level 5 in Dodging
  4239 | D:3      | Killed a phantom
  4239 | D:3      | Reached skill level 6 in Polearms
  4328 | D:4      | Reached skill level 2 in Shields
  4328 | D:4      | Reached XP level 7. HP: 37/55 MP: 10/10
  4501 | D:4      | Got a dazzling ring mail
  4512 | D:4      | Identified the cursed +1 ring mail of Freedom {rElec} (You found it on level 4 of the Dungeon)
  4741 | D:4      | Reached skill level 5 in Fighting
  4786 | D:4      | Reached skill level 7 in Polearms
  4790 | D:4      | Learned a level 2 spell: Song of Slaying
  4892 | D:4      | Reached skill level 3 in Shields
  5066 | D:4      | Identified a potion of resistance
  5108 | D:5      | Entered Level 5 of the Dungeon
  5137 | D:5      | Reached skill level 2 in Armour
  5139 | D:5      | Reached ** piety under Qazlal
  5216 | D:5      | Reached XP level 8. HP: 62/62 MP: 11/11
  5233 | D:5      | Noticed Grinder
  5235 | D:5      | Paralysed by Grinder for 6 turns
  5250 | D:5      | Paralysed by Grinder for 3 turns
  5313 | D:5      | Killed Grinder
  5313 | D:5      | Reached skill level 8 in Polearms
  5313 | D:5      | Reached skill level 4 in Shields
  5380 | D:5      | Noticed Blork the orc
  5402 | D:5      | Killed Blork the orc
  5502 | D:5      | Found a bloodstained altar of Trog.
  5557 | D:5      | Got a faintly glowing whip
  5560 | D:5      | Identified the +10 whip "Dobbamne" {chaos, rPois rF+++ MR+ Int-4} (You found it on level 5 of the Dungeon)
  5640 | D:5      | Reached skill level 3 in Armour
  5742 | D:5      | Noticed Prince Ribbit
  5759 | D:5      | Killed Prince Ribbit
  5759 | D:5      | Reached skill level 9 in Polearms
  5759 | D:5      | Reached skill level 5 in Shields
  5955 | D:5      | Found an iron altar of Okawaru.
  6155 | D:6      | Found a glowing golden altar of the Shining One.
  6155 | D:6      | Found an iron altar of Okawaru.
  6171 | D:6      | Reached XP level 9. HP: 68/68 MP: 12/12
  6193 | D:6      | Reached skill level 10 in Polearms
  6193 | D:6      | Reached skill level 4 in Armour
  6215 | D:6      | Found a shimmering altar of Xom.
  6263 | D:6      | Found a sacrificial altar of Ru.
  6606 | D:6      | Found the +0 Maxwell's etheric cage {RegenMP+ *Contam rElec MP+4}
  6883 | D:7      | Noticed Joseph
  6904 | D:7      | Killed Joseph
  6904 | D:7      | Reached skill level 11 in Polearms
  6927 | D:7      | Found a snail-covered altar of Cheibriados.
  6994 | D:7      | Reached skill level 5 in Armour
  7039 | D:7      | Reached *** piety under Qazlal
  7314 | D:7      | Found a bloodstained altar of Trog.
  7364 | D:7      | Found a hide-covered altar of Uskayaw.
  7589 | D:8      | Reached skill level 12 in Polearms
  7608 | D:8      | Found a white marble altar of Elyvilon.
  7622 | D:8      | Reached skill level 6 in Dodging
  7714 | D:8      | Reached skill level 6 in Fighting
  7714 | D:8      | Reached XP level 10. HP: 76/76 MP: 13/13
  7955 | D:8      | Noticed Psyche
  7956 | D:8      | Found a sand-covered staircase.
  7971 | D:8      | Killed Psyche
  7971 | D:8      | Reached skill level 7 in Dodging
  7992 | Ossuary  | Entered an ossuary
  8128 | Ossuary  | Reached **** piety under Qazlal
  8147 | Ossuary  | Killed Menkaure
  8272 | D:8      | Found a blossoming altar of Fedhas.
  8334 | D:8      | Found a radiant altar of Vehumet.
  8742 | D:9      | Reached skill level 7 in Fighting
  8774 | D:9      | Found Iqugir Ahum's Antique Weapon Shop.
  8823 | D:9      | Reached skill level 8 in Dodging
  8898 | D:9      | Found a blossoming altar of Fedhas.
  9390 | D:10     | Entered Level 10 of the Dungeon
  9415 | D:10     | Found a runed gate.
  9416 | D:10     | Found a runed gate.
  9416 | D:10     | Noticed a kobold demonologist
  9416 | D:10     | Noticed temitten's ghost (journeyman HOFi)
  9417 | D:10     | Found a runed gate.
  9420 | D:10     | Noticed a kobold demonologist
  9424 | D:10     | Noticed a kobold demonologist
  9453 | D:10     | Noticed a brown ugly thing
  9471 | D:10     | Killed a brown ugly thing
  9473 | D:10     | Reached skill level 8 in Fighting
  9555 | D:10     | Reached skill level 9 in Dodging
  9603 | D:10     | Noticed a death yak
  9607 | D:10     | Noticed a death yak
  9612 | D:10     | Noticed a death yak
  9644 | D:10     | HP: 14/80 [death yak (17)]
  9667 | D:10     | HP: 12/80 [death yak (17)]
  9685 | D:10     | Found a staircase to the Lair.
  9694 | Lair:1   | Entered Level 1 of the Lair of Beasts
  9721 | Lair:1   | Noticed a five-headed hydra
  9723 | Lair:1   | HP: 12/82 [crocodile (10)]
  9726 | Lair:1   | HP: 3/82 [rime drake/flash freeze (11)]
  9730 | Lair:1   | Noticed a spiny frog
  9731 | Lair:1   | a spiny frog changed into a human
  9732 | Lair:1   | Noticed a five-headed hydra
  9738 | Lair:1   | Killed from afar by a rime drake

Vanquished Creatures
  An ugly thing (D:10)
  Joseph (D:7)
  Psyche (D:8)
  A troll (D:9)
  Prince Ribbit (D:5)
  A hippogriff (Lair:1)
  Grinder (D:5)
  A hungry ghost (D:8)
  A water moccasin (Lair:1)
  A porcupine (Lair:1)
  An orc warrior (D:6)
  A sky beast (D:5)
  4 ice beasts
  A necrophage (D:6)
  3 phantoms
  3 ogres
  2 centaurs
  A crocodile (Lair:1)
  Blork the orc (D:5)
  3 bullfrogs
  3 scorpions
  6 howler monkeys
  2 crimson imps (D:7)
  A bullfrog zombie (D:8)
  A jelly (D:9)
  9 hounds
  12 orc wizards
  A bullfrog skeleton (D:4)
  4 orc priests
  Crazy Yiuf (D:3)
  2 iguanas
  2 centaur skeletons
  Terence (D:3)
  A hell rat (D:10)
  9 worker ants
  A hound skeleton (D:4)
  2 mummies (Ossuary)
  A worker ant zombie (D:5)
  7 adders
  A howler monkey skeleton (D:5)
  A river rat (D:10)
  A shadow imp (D:3)
  2 oozes (D:2)
  3 adder skeletons
  An adder zombie (D:5)
  7 worms
  A dart slug (D:1)
  5 leopard geckos
  27 orcs
  12 bats
  8 giant cockroaches
  6 goblins
  9 hobgoblins
  6 quokkas
  3 ball pythons
  3 frilled lizards
  4 gnoll skeletons (Ossuary)
  7 gnoll zombies (Ossuary)
  A goblin zombie (Ossuary)
  4 hobgoblin skeletons (Ossuary)
  A jackal skeleton (D:9)
  A jackal zombie (D:6)
  12 kobolds
  2 kobold skeletons (Ossuary)
  2 kobold zombies (Ossuary)
  A leopard gecko zombie (D:6)
  3 orc zombies (Ossuary)
  10 rats
  5 rat skeletons (Ossuary)
  A rat zombie (Ossuary)
246 creatures vanquished.

Vanquished Creatures (others)
  Menkaure (Ossuary)
  A mummy (Ossuary)
  An adder zombie (D:8)
  A gnoll zombie (Ossuary)
  A gnoll skeleton (Ossuary)
  A goblin skeleton (Ossuary)
  A goblin zombie (Ossuary)
  4 hobgoblin skeletons (Ossuary)
  2 hobgoblin zombies (Ossuary)
  2 kobold skeletons (Ossuary)
  A kobold zombie (Ossuary)
  4 orc zombies (Ossuary)
  2 rat skeletons (Ossuary)
  2 rat zombies (Ossuary)
  2 fungi (D:10)
  2 plants (D:10)
28 creatures vanquished.

Grand Total: 274 creatures vanquished

Table legend:
 A = Turns spent in this place as a percentage of turns spent in the entire game.
 B = Non-inter-level travel turns spent in this place as a percentage of non-inter-level travel turns spent in the entire game.
 C = Inter-level travel turns spent in this place as a percentage of turns spent in this place.
 D = Turns resting spent in this place as a percentage of non-inter-level travel turns spent in this place.
 E = Turns spent auto-exploring this place as a percentage of non-inter-level travel turns spent in this place.
 F = Non-inter-level travel turns spent in this place divided by the number of levels of this place that you've seen.
                   A       B       C       D       E      F
               +-------+-------+-------+-------+-------+----------------------
         Total | 100.0 | 100.0 |   6.2 |   4.2 |  66.9 | 761.6
       Dungeon |  96.8 |  96.6 |   6.4 |   4.4 |  67.7 | 883.2
          Lair |   0.5 |   0.5 |   0.0 |   0.0 |   0.0 |  44.0
       Ossuary |   2.7 |   2.9 |   0.0 |   0.0 |  50.6 | 263.0
               +-------+-------+-------+-------+-------+----------------------

Table legend:
 A = Non-vault XP
 B = Vault XP
 C = Vault XP percentage of total XP
 D = Non-vault monster count
 E = Vault monster count
 F = Vault count percentage of total count
                 A         B        C        D         E       F
            +---------+---------+-------+---------+---------+-------
      Total |    5917 |    2226 |  27.3 |     194 |      45 |  18.8
            +---------+---------+-------+---------+---------+-------
        D:1 |      39 |       0 |   0.0 |      24 |       0 |   0.0
        D:2 |     131 |       0 |   0.0 |      29 |       0 |   0.0
        D:3 |     276 |      76 |  21.6 |      24 |       2 |   7.7
        D:4 |     520 |       0 |   0.0 |      21 |       0 |   0.0
        D:5 |     588 |     664 |  53.0 |      24 |       4 |  14.3
        D:6 |     522 |      97 |  15.7 |      14 |       5 |  26.3
        D:7 |     561 |     445 |  44.2 |      12 |       2 |  14.3
        D:8 |     859 |     439 |  33.8 |      18 |       1 |   5.3
        D:9 |     978 |       0 |   0.0 |      17 |       0 |   0.0
       D:10 |    1203 |      54 |   4.3 |       9 |       5 |  35.7
     Lair:1 |     240 |     417 |  63.5 |       2 |       2 |  50.0
    Ossuary |       0 |      34 | 100.0 |       0 |      24 | 100.0
            +---------+---------+-------+---------+---------+-------
